 Dungeon Crawl Stone Soup version 0.20.0-8-g6b59dc7 (webtiles) character file.

856 tuhats the Basher (level 7, 0/61 HPs)
             Began as a Minotaur Fighter on May 30, 2017.
             Succumbed to a killer bee's poison
             ... on level 4 of the Dungeon on June 1, 2017.
             The game lasted 00:12:24 (3102 turns).

tuhats the Basher (Minotaur Fighter)                Turns: 3102, Time: 00:12:25

Health: 0/61       AC:  7    Str: 27    XL:     7   Next: 70%
Magic:  6/6        EV:  8    Int:  6    God:
Gold:   136        SH: 10    Dex:  9    Spells: 6/6 levels left

rFire    . . .     SeeInvis .   a - +0 whip (freeze)
rCold    . . .     Gourm    .   c - +0 shield
rNeg     . . .     Faith    .   b - +0 scale mail
rPois    .         Spirit   .   (helmet restricted)
rElec    .         Reflect  .   (no cloak)
rCorr    .         Harm     .   (no gloves)
MR       .....                  (no boots)
Stlth    ..........             (no amulet)
Regen    0.2/turn               (no ring)
MPRegen  0.1/turn               (no ring)

@: mighty, lethally poisoned (0 -> -13)
A: retaliatory headbutt, horns 2
a: no special abilities


You were on level 4 of the Dungeon.
You were very hungry.

You visited 1 branch of the dungeon, and saw 4 of its levels.

You collected 136 gold pieces.

Inventory:

Hand Weapons
 a - a +0 whip of freezing (weapon)
 o - a +0 morningstar
Armour
 b - a +0 scale mail (worn)
 c - a +0 shield (worn)
Wands
 n - a wand of paralysis (4/24)
Scrolls
 h - 2 scrolls of identify {unknown}
 i - a scroll of recharging {unknown}
 k - 2 scrolls of teleportation {unknown}
 m - a scroll of blinking {unknown}
 s - a scroll of enchant weapon {unknown}
Potions
 e - 3 potions of flight {unknown}
 g - a potion of agility {unknown}
 l - 2 potions of heal wounds {unknown}
 p - a potion of haste {unknown}
 q - a potion of lignification {unknown}
 r - 2 potions of curing {unknown}
Comestibles
 f - a bread ration
 j - 2 meat rations
 t - a royal jelly


   Skills:
 + Level 5.3 Fighting
 * Level 8.1 Maces & Flails
 + Level 5.5 Armour
 + Level 5.4 Shields


You had 6 spell levels left.
You didn't know any spells.

Dungeon Overview and Level Annotations

Branches:
Dungeon (4/15)
 Temple: D:4-7

Altars:


Innate Abilities, Weirdness & Mutations

You reflexively headbutt those who attack you in melee.
You have a pair of horns on your head.


Message History

You feel sick.
The killer bee barely misses the freed slave.
The killer bee stings the freed slave.
The freed slave dies!
The killer bee stings you.
* * * LOW HITPOINT WARNING * * *
The killer bee barely misses you.
You closely miss the killer bee.
* * * LOW HITPOINT WARNING * * *
You feel sick. The killer bee barely misses you.
You block the killer bee's attack.
You miss the killer bee. Your headbutt misses the killer bee.
* * * LOW HITPOINT WARNING * * *
You feel sick. The killer bee stings you.
* * * LOW HITPOINT WARNING * * *
You block the killer bee's attack. x2
The killer bee stings you but does no damage.
You miss the killer bee.
The killer bee is moderately wounded.
You die...

###.####.# ......#.#
#.# #. ...#.#.#.#.#
. (# ..#.#.#...#.. .
###.#...p.....
#.#...#.#.#...
.###.#.#y.÷#÷#.#
.......y@<.....#
.....#ay#..#...#.#.#
........#..#.......#
#
.#####..#..#.#...###
.. #..#....#.#.# #..
#..#.####.### ....
#..#.## . .....
#..#..# #
.p....####..##.#


You could see a worker ant and 3 killer bees.

Vanquished Creatures
  Pikel (D:3)
  3 killer bees (D:4)
  An orc priest (D:3)
  Ijyb (D:2)
  A hound skeleton (D:3)
  4 gnolls (D:2)
  2 adders
  A howler monkey skeleton (D:3)
  An ooze (D:4)
  An adder zombie (D:3)
  2 adder skeletons (D:3)
  2 worms
  A dart slug (D:1)
  4 leopard geckos
  9 orcs
  A ball python (D:1)
  3 bats
  11 giant cockroaches
  4 goblins
  7 hobgoblins
  5 jackals
  8 kobolds
  4 quokkas (D:2)
  A ball python skeleton (D:3)
  6 frilled lizards
  8 rats
92 creatures vanquished.

Vanquished Creatures (others)
  A slave (D:4)
1 creature vanquished.

Grand Total: 93 creatures vanquished

Notes
Turn   | Place    | Note
-------+----------+-------------------------------------------
     0 | D:1      | tuhats the Minotaur Fighter began the quest for the Orb.
     0 | D:1      | Reached XP level 1. HP: 19/19 MP: 0/0
   112 | D:1      | Reached skill level 3 in Maces & Flails
   222 | D:1      | Reached XP level 2. HP: 26/26 MP: 1/1
   687 | D:1      | Reached skill level 4 in Maces & Flails
   880 | D:2      | Reached XP level 3. HP: 31/31 MP: 2/2
  1245 | D:2      | Reached skill level 5 in Maces & Flails
  1393 | D:2      | You fall through a shaft!
  1433 | D:3      | Reached XP level 4. HP: 39/39 MP: 3/3
  1520 | D:3      | Noticed Ijyb
  1520 | D:3      | Paralysed by Ijyb for 5 turns
  1539 | D:2      | Paralysed by Ijyb for 7 turns
  1547 | D:2      | Killed Ijyb
  1836 | D:3      | Reached XP level 5. HP: 32/46 MP: 4/4
  1858 | D:3      | Reached skill level 6 in Maces & Flails
  2805 | D:4      | Noticed a slave
  2808 | D:4      | Noticed a slave
  2815 | D:4      | Noticed a slave
  2816 | D:4      | Noticed Pikel
  2816 | D:4      | Noticed a slave
  2838 | D:3      | Killed Pikel
  2838 | D:3      | Reached skill level 5 in Fighting
  2838 | D:3      | Reached skill level 7 in Maces & Flails
  2838 | D:3      | Reached skill level 5 in Armour
  2838 | D:3      | Reached skill level 5 in Shields
  2838 | D:3      | Reached XP level 6. HP: 19/56 MP: 5/5
  2838 | D:3      | Reached XP level 7. HP: 21/61 MP: 6/6
  3068 | D:4      | Reached skill level 8 in Maces & Flails
  3100 | D:4      | HP: 3/61 [poisoned by a killer bee]
  3101 | D:4      | HP: 1/61 [killer bee (1)]
  3102 | D:4      | Succumbed to a killer bee's poison

Skill      XL: |  1  2  3  4  5  6  7 |
---------------+----------------------+-----
Maces & Flails | 3 4 5 7 8 |  8.1
Armour         | 5 |  5.5
Shields        | 5 |  5.4
Fighting       | 5 |  5.3

Action                   |  1- 3 |  4- 6 |  7- 9 || total
-------------------------+-------+-------+-------++-------
Melee: Flail             |   102 |    41 |       ||   143
       Headbutt          |    20 |    13 |     3 ||    36
       Morningstar       |       |    83 |       ||    83
       Whip              |       |       |    29 ||    29
Evoke: Wand              |       |     1 |       ||     1
  Use: Potion            |       |       |     1 ||     1
  Eat: Chunk             |     2 |     4 |       ||     6
Armor: Scale mail        |    39 |    59 |    11 ||   109
Dodge: Dodged            |    36 |    28 |    14 ||    78
Block: Shield            |    35 |    60 |    18 ||   113
